 Dungeon Crawl Stone Soup version 0.27-a0-1065-ge809cff456 (webtiles) character file.

Game seed: 13295026967503876375

2822 DarkShadow the Carver (level 9, -3/78 HPs)
             Began as a Minotaur Fighter on Apr 22, 2021.
             Was an Initiate of Gozag.
             Slain by a fire dragon (6 damage)
             ... on level 8 of the Dungeon.
             The game lasted 00:19:30 (8747 turns).

DarkShadow the Carver (Minotaur Fighter)            Turns: 8747, Time: 00:19:32

Health: -3/78      AC: 12    Str: 24    XL:     9   Next: 45%
Magic:  8/8        EV:  7    Int:  5    God:    Gozag
Gold:   352        SH: 11    Dex: 10    Spells: 8/8 levels left

rFire    . . .     SeeInvis .   a - +3 long sword
rCold    . . .     Faith    .   c - +0 kite shield
rNeg     . . .     Spirit   .   q - +0 chain mail
rPois    .         Reflect  .   (helmet restricted)
rElec    .         Harm     .   o - +2 cloak {Will+}
rCorr    .         Rampage  .   p - +1 pair of gloves
Will     +....                  (no boots)
Stlth    ..........             (no amulet)
HPRegen  0.23/turn              (no ring)
MPRegen  0.11/turn              (no ring)

@: corroded, gold aura
A: horns 2, retaliatory headbutt
a: Renounce Religion, Potion Petition, Call Merchant, Bribe Branch


You were on level 8 of the Dungeon.
You worshipped Gozag.
Gozag was aware of your devotion.
You visited 2 branches of the dungeon, and saw 9 of its levels.

You collected 515 gold pieces.
You paid 163 gold pieces to Gozag.

Inventory:

Hand Weapons
 a - a +3 long sword (weapon)
Missiles
 e - a throwing net (quivered)
Armour
 c - a +0 kite shield (worn)
 o - a +2 cloak of willpower (worn)
 p - a +1 pair of gloves (worn)
 q - a +0 chain mail (worn)
Jewellery
 s - an amulet of guardian spirit
Wands
 b - a wand of digging (4)
 t - a wand of polymorph (13)
Scrolls
 g - 2 scrolls of blinking {unknown}
 k - a scroll of amnesia
 l - a scroll of fog
 r - a scroll of magic mapping
 u - a scroll of noise {unknown}
 v - a scroll of fear {unknown}
Potions
 d - 2 potions of berserk rage {unknown}
 f - a potion of haste
 h - 3 potions of flight
 i - 2 potions of heal wounds
 j - a potion of brilliance {unknown}
 m - 4 potions of lignification {unknown}
 n - 2 potions of mutation {unknown}
 x - a potion of curing


   Skills:
 + Level 6.7 Fighting
 + Level 9.6 Long Blades
 + Level 8.7 Armour
 + Level 8.8 Shields


You had 8 spell levels left.
You didn't know any spells.
Your spell library contained the following spells:

 Spells                   Type           Power      Damage    Failure   Level
 Magic Dart               Conj           0%         1d3       100%        1
 Blink                    Tloc           N/A        N/A       100%        2
 Call Imp                 Summ           0%         N/A       100%        2
 Slow                     Hex            0%         N/A       100%        2
 Conjure Flame            Conj/Fire      0%         6-21      100%        3
 Mephitic Cloud           Conj/Pois/Air  0%         N/A       100%        3


Dungeon Overview and Level Annotations

Branches:
Dungeon (8/15)             Temple (1/1) D:7
   Lair: D:8-11

Altars:
Elyvilon
Fedhas
Gozag
Hepliaklqana
Kikubaaqudgha
Nemelex Xobeh
Okawaru
Qazlal
Sif Muna
Trog
Vehumet
Wu Jian
Xom
Zin
The Shining One

Shops:
D:2 ?

Annotations:
D:6 1 transporter, fly's ghost, novice OpIE
D:8 1 runed translucent door, waddelsworth's ghost, novice GnCj


Innate Abilities, Weirdness & Mutations

You have a pair of horns on your head.
You reflexively headbutt those who attack you in melee.


Message History

You block the jelly's attack.
You slash the jelly!
You kill the jelly!
The two-headed ogre becomes distracted by the nearby gold, dreaming of imaginary riches.
The two-headed ogre shouts in stereo!
You hit the two-headed ogre but do no damage.
The two-headed ogre is no longer distracted by gold.
The two-headed ogre hits you but does no damage.
The two-headed ogre closely misses you.
You hit the two-headed ogre.
Your headbutt misses the two-headed ogre.
The two-headed ogre is lightly wounded.
The fire dragon becomes distracted by the nearby gold, dreaming of imaginary riches.
You closely miss the two-headed ogre. You headbutt the two-headed ogre!
The two-headed ogre is moderately wounded.
The two-headed ogre hits you with a +0 giant spiked club!
You block the two-headed ogre's attack.
You hit the two-headed ogre but do no damage.
You headbutt the two-headed ogre.
The two-headed ogre is moderately wounded.
The two-headed ogre hits you with a +0 giant spiked club!!
The two-headed ogre hits you with a +0 giant club!
You are too injured to fight recklessly!
As you read the scroll of teleportation, it crumbles to dust.
You feel strangely unstable.
The two-headed ogre hits you but does no damage.
The two-headed ogre hits you with a +0 giant club!!
* * * LOW HITPOINT WARNING * * *
The fire dragon is no longer distracted by gold.
Your surroundings seem slightly different.
Waddelsworth's ghost screams, "Zot is a myth, the ORB is a fable, you'll soon be a tale!"
Found a potion of heal wounds and 17 gold pieces.
Found a shimmering altar of Xom.
The fire dragon closely misses you.
You riposte.
You slash the fire dragon!
The fire dragon is lightly wounded.
The fire dragon claws you.
* * * LOW HITPOINT WARNING * * *
The fire dragon tramples you.
You die...
Your body crumbles into a pile of gold.

.......§≈.§§§≈.
.......≈.§≈≈≈..
........≈≈≈....
#......^........!
#................
................. $
....$............
..........D.....##
.........@.......##
......$...........#
.......O).........#
...................
...................
..............##+
.........##...#W_ ..
#...............##..## #.
#
..............###...###..


You could see a fire dragon and a two-headed ogre.

Vanquished Creatures
  Sigmund (D:3)
  2 water moccasins (D:7)
  An ice beast (D:6)
  2 black bears (D:6)
  3 sky beasts
  2 centaurs (D:8)
  A phantom (D:6)
  A kobold brigand (D:6)
  A gnoll sergeant (D:6)
  4 scorpions
  A bullfrog (D:6)
  A wyvern zombie (D:6)
  2 water moccasin zombies (D:5)
  2 howler monkeys
  3 bullfrog zombies
  4 jellies
  4 hounds
  A bullfrog skeleton (D:7)
  An orc priest (D:5)
  Crazy Yiuf (D:2)
  3 iguanas
  3 orc wizards
  2 scorpion zombies (D:5)
  2 hound zombies (D:5)
  2 hound skeletons
  12 gnolls
  A howler monkey skeleton (D:2)
  7 adders
  A white imp (D:7)
  3 adder skeletons
  3 worms
  4 dart slugs
  21 orcs
  4 ball pythons
  7 endoplasms
  3 giant cockroaches
  7 goblins
  9 hobgoblins
  3 jackals (D:2)
  5 kobolds
  3 bats
  4 frilled lizards
  7 rats
154 creatures vanquished.

Vanquished Creatures (others)
  6 plants (D:6)
6 creatures vanquished.

Grand Total: 160 creatures vanquished

Notes
Turn   | Place    | Note
-------+----------+-------------------------------------------
     0 | D:1      | DarkShadow the Minotaur Fighter began the quest for the
                  | Orb.
     0 | D:1      | Reached XP level 1. HP: 19/19 MP: 0/0
   101 | D:1      | Reached XP level 2. HP: 23/27 MP: 1/1
   877 | D:2      | Reached skill level 3 in Long Blades
   877 | D:2      | Reached XP level 3. HP: 30/33 MP: 2/2
  1333 | D:2      | Found a runed translucent door.
  1334 | D:2      | Noticed Crazy Yiuf
  1475 | D:2      | Found a shimmering altar of Xom.
  1647 | D:2      | Reached XP level 4. HP: 40/40 MP: 3/3
  1877 | D:2      | Found Riashumn's Magic Scroll Emporium.
  2222 | D:2      | Killed Crazy Yiuf
  2223 | D:2      | Reached skill level 4 in Long Blades
  2591 | D:3      | Found a faded altar of an unknown god.
  2778 | D:3      | Reached XP level 5. HP: 39/46 MP: 4/4
  3051 | D:3      | Noticed Sigmund
  3060 | D:3      | Killed Sigmund
  3061 | D:3      | Reached skill level 5 in Long Blades
  3061 | D:3      | Reached skill level 5 in Armour
  3061 | D:3      | Reached XP level 6. HP: 42/53 MP: 5/5
  3429 | D:4      | Reached skill level 5 in Shields
  3875 | D:4      | Reached skill level 5 in Fighting
  3885 | D:4      | Reached XP level 7. HP: 61/61 MP: 6/6
  3914 | D:4      | You fall into a shaft and drop 3 floors!
  3937 | D:7      | Reached skill level 6 in Long Blades
  4042 | D:5      | Entered Level 5 of the Dungeon
  4803 | D:5      | Found a shimmering altar of Xom.
  4805 | D:5      | Found a shimmering altar of Xom.
  4819 | D:5      | Found a shimmering altar of Xom.
  4822 | D:5      | Found a shimmering altar of Xom.
  4827 | D:5      | Found a shimmering altar of Xom.
  5078 | D:5      | Reached skill level 7 in Long Blades
  5194 | D:5      | Reached XP level 8. HP: 45/69 MP: 7/7
  5873 | D:6      | Identified the +4 robe of Vehumet's Wrath {rF+ rN+ Regen+
                  | Int-3}
  6018 | D:6      | Noticed fly's ghost (novice OpIE)
  6039 | D:6      | Reached skill level 8 in Long Blades
  6054 | D:6      | Found a transporter.
  6060 | D:6      | Identified the +5 ring mail "Vyafetet" {Stlth+}
  6298 | D:6      | Found a transporter.
  6550 | D:6      | Found an iron altar of Okawaru.
  6620 | D:6      | Found a glowing silver altar of Zin.
  6625 | D:6      | Reached XP level 9. HP: 76/78 MP: 8/8
  6831 | D:6      | Reached skill level 9 in Long Blades
  7298 | D:7      | Found a shimmering blue altar of Sif Muna.
  7482 | D:7      | Found a radiant altar of Vehumet.
  7659 | D:7      | Found a glowing golden altar of the Shining One.
  8387 | D:7      | Found a staircase to the Ecumenical Temple.
  8393 | Temple   | Entered the Ecumenical Temple
  8531 | Temple   | Became a worshipper of Gozag Ym Sagoz the Greedy
  8733 | D:8      | Found a runed translucent door.
  8734 | D:8      | Noticed a two-headed ogre
  8736 | D:8      | Noticed a fire dragon
  8746 | D:8      | Found a shimmering altar of Xom.
  8746 | D:8      | Noticed waddelsworth's ghost (novice GnCj)
  8747 | D:8      | HP: 3/78 [fire dragon (3)]
  8747 | D:8      | Slain by a fire dragon

Illustrated notes

Levels and vault maps discovered:
D:1:      saegor_arrival_simple_d, layout_loops_ring
D:2:      layout_loops_corners, basic_altar, serial_shops, shop,
          chequers_mini_garden, uniq_crazy_yiuf_cottage
D:3:      layout_basic, basic_ecumenical_altar, minmay_fountain_box,
          uniq_sigmund
D:4:      layout_basic, minmay_diced_spiral
D:5:      layout_cave_pools, xom_redecorated, serial_undead, serial_undead_c,
          serial_undead_a, serial_undead_f, serial_undead_d
D:6:      minmay_skewed_foursquare, layout_gridville, old_standard_altar,
          old_standard_altar, gammafunk_ghost_gnarly_gnolls, minmay_misc_feat_x
D:7:      layout_basic, nicolae_overflow_crystal_walls,
          overflow_temple_1_default, nicolae_tso_swordbearing_angel,
          minmay_temple_entry_hall, kennysheep_generic_room_11
D:8:      layout_cave_pools, kennysheep_mini_moat,
          nicolae_overflow_hidden_temple, minmay_lair_entry_lava,
          ebering_ghost_xom, hangedman_abyss_or_decor_passed, minmay_checkerbox,
          uniq_maurice, uniq_pikel
Temple:   minmay_temple_curvy_loop

Skill      XL: |  1  2  3  4  5  6  7  8  9 |
---------------+----------------------------+-----
Fighting       | 4 5 6 |  6.7
Shields        | 4 5 6 7 8 |  8.8
Armour         | 4 5 6 7 8 |  8.7
Long Blades    | 3 4 5 7 8 9 |  9.6

Action                   |  1- 3 |  4- 6 |  7- 9 || total
-------------------------+-------+-------+-------++-------
Melee: Long sword        |    87 |   152 |   328 ||   567
       Headbutt          |    17 |    30 |    78 ||   125
  Use: Potion            |       |     2 |     2 ||     4
       Scroll            |       |     9 |     9 ||    18
Armor: Scale mail        |    49 |    23 |       ||    72
       Chain mail        |       |    86 |   243 ||   329
Dodge: Dodged            |    24 |    43 |    98 ||   165
Block: Kite shield       |    42 |   110 |   213 ||   365
       Rpst.: Long sword |    11 |    11 |    24 ||    46

Table legend: (Time is in decaauts)
 A = Elapsed time spent in this place.
 B = Non-inter-level travel time spent in this place.
 C = Inter-level travel time spent in this place.
 D = Time resting spent in this place.
 E = Time spent auto-exploring this place.
 F = Levels seen in this place.
 G = Mean time per level.
                   A        B        C        D        E       F      G
               +--------+--------+--------+--------+--------+-----+--------+
         Total |   8907 |   8835 |     72 |   2133 |   4753 |   9 |  989.7 |
       Dungeon |   8752 |   8680 |     72 |   2133 |   4622 |   8 | 1094.0 |
        Temple |    154 |    154 |      0 |      0 |    131 |   1 |  154.0 |
               +--------+--------+--------+--------+--------+-----+--------+

Top non-repeatable levels by time:
     D:5: 1540 daAuts
     D:2: 1508 daAuts
     D:6: 1388 daAuts
     D:7: 1388 daAuts
     D:3: 1034 daAuts
     D:1: 886 daAuts
     D:4: 826 daAuts
     D:8: 180 daAuts
  Temple: 154 daAuts
